Map: Simulacrum LE

Players

prospeKt - Winner!

  • Race: Zerg Zerg
  • League: Platinum
  • Spawn Location: 5:00

VOD

Have the link to the VOD?

Description

Time

  • Played on: June 3, 2020, 5:41 a.m.
  • Length: 17:36
Show
View Real Time Build Order
Export as new Build Order

prospeKt Zerg - Winner!

Build Orders:  

Get SALT Encoding   

  12  0:02  Drone  
  13  0:19  Overlord  
  13  0:34  Drone  
  14  0:44  Drone x2  
  16  0:50  Drone  
  17  1:18  Hatchery  
  16  1:23  Drone  
  16  1:26  Drone  
  18  1:45  Spawning Pool  
  18  1:48  Drone  
  18  1:54  Drone  
  19  2:04  Extractor  
  19  2:05  Drone  
  19  2:22  Drone  
  20  2:38  Drone  
  21  2:51  Drone  
  22  3:00  Overlord  
  22  3:01  Queen x2  
  22  3:08  Drone  
  27  3:16  Overlord  
  27  3:24  Drone  
  28  3:31  Drone  
  28  3:37  Drone  
  30  3:44  Drone  
  31  3:51  Queen  
  31  3:53  Drone  
  31  3:59  Drone  
  35  4:08  Drone  
  36  4:11  Lair  
  36  4:16  Overlord  
  36  4:23  Drone  
  36  4:29  Drone  
  38  4:37  Drone  
  38  4:39  Drone x5  
  44  4:41  Overlord  
  44  4:53  Drone  
  44  4:58  Drone  
  46  5:05  Extractor  
  46  5:07  Drone, Extractor  
  46  5:09  Roach Warren  
  44  5:11  Drone  
  44  5:17  Evolution Chamber  
  44  5:21  Overlord  
  44  5:28  Drone  
  45  5:30  Drone x3  
  48  5:43  Overlord x2  
  48  5:44  Drone x2  
  50  5:50  Drone x2  
  52  6:06  Hatchery  
  52  6:09  Roach x2  
  55  6:16  Roach  
  55  6:18  Roach x2  
  61  6:20  Roach x3  
  61  6:24  Drone x2  
  61  6:28  Zerg Missile Weapons Level 1  
  69  6:39  Drone x2  
  71  6:46  Glial Reconstitution  
  71  7:02  Drone x6  
  71  7:07  Overlord  
  77  7:12  Overlord  
  77  7:13  Hatchery  
  77  7:18  Drone x2  
  78  7:37  Drone x2  
  80  7:53  Drone  
  80  7:54  Drone x4  
  85  8:06  Extractor  
  85  8:07  Extractor  
  83  8:17  Drone x8  
  91  8:35  Drone x4  
  91  8:36  Drone  
  96  8:50  Drone x5  
  96  8:58  Hydralisk Den  
  96  8:59  Evolution Chamber  
  99  9:00  Drone x3  
  99  9:02  Extractor  
  99  9:05  Drone  
  102  9:12  Extractor  
  102  9:15  Extractor  
  102  9:16  Drone  
  102  9:17  Drone  
  102  9:48  Drone x3  
  102  9:49  Drone  
  106  9:51  Hydralisk x3  
  106  9:53  Overlord x6  
  112  10:07  Hatchery  
  112  10:08  Hatchery  
  110  10:16  Overlord  
  110  10:17  Overlord  
  110  10:20  Hydralisk x10  
  110  10:27  Zerg Missile Weapons Level 2  
  130  10:31  Zerg Ground Armor Level 1  
  130  10:43  Drone  
  130  10:44  Hydralisk x2, Infestation Pit  
  130  10:45  Hydralisk x6  
  130  10:47  Overlord  
  66  10:50  Overlord x3  
  146  11:03  Overlord  
  146  11:05  Overlord x2  
  146  11:06  Hydralisk  
  146  11:07  Hydralisk x2  
  152  11:20  Hydralisk x4  
  160  11:33  Drone  
  160  11:36  Hydralisk x5  
  160  11:37  Hydralisk  
  173  11:51  Overseer  
  173  11:54  Hydralisk x7  
  173  11:55  Hydralisk  
  189  12:12  Unknown  
  189  12:27  Hatchery, Hydralisk x4  
  189  12:28  Hydralisk x2  
  200  13:16  Zerg Ground Armor Level 2, Hive  
  200  13:19  Hatchery  
  199  13:28  Spore Crawler  
  198  13:33  Spine Crawler, Spore Crawler  
  198  13:37  Spine Crawler  
  177  13:42  Spore Crawler  
  177  13:45  Spine Crawler  
  177  13:47  Spine Crawler  
  174  13:50  Spore Crawler  
  174  13:57  Drone  
  174  13:58  Drone x6  
  174  13:59  Drone x3  
  181  14:00  Drone  
  182  14:15  Hydralisk x9  
  197  14:24  Spine Crawler  
  197  14:26  Spine Crawler  
  195  14:31  Drone x3  
  195  14:35  Spore Crawler  
  195  14:39  Extractor  
  196  14:42  Extractor  
  189  15:01  Unknown  
  189  15:09  Hydralisk x9  
  199  15:13  Drone  
  192  15:43  Drone x2  
  192  15:46  Hydralisk  
  192  15:47  Hydralisk x2  
  198  16:37  Hydralisk x3  
  200  17:09  Hatchery x2  
  198  17:10  Hatchery  
  198  17:11  Drone x3  
  200  17:27  Spine Crawler  
  199  17:33  Spore Crawler  
  198  17:36  Spore Crawler  
Tags
 
Add a new tag
Caveats
  • Supply blocks, unpowered buildings, or Contaminate may cause inaccurate times.
  • Supply counts are checked every 10 seconds.